Map: Traitor's Exile

Players

SwarmRA - Winner!

  • Race: Terran Terran
  • League: Diamond
  • Spawn Location: 9:00

Infamous - Winner!

  • Race: Protoss Protoss
  • League: Silver
  • Spawn Location: 12:00

treecutter

  • Race: Terran Terran
  • Spawn Location: 6:00

iAbuseHoles

  • Race: Protoss Protoss
  • Spawn Location: 5:00

VOD

Have the link to the VOD?

Description

Time

  • Played on: March 19, 2018, 11:58 a.m.
  • Length: 5:30
Show
View Real Time Build Order
Export as new Build Order

SwarmRA Terran - Winner!

Build Orders: Reaper Expand 

Get SALT Encoding   

  12  0:00  SCV  
  13  0:13  SCV  
  14  0:19  Supply Depot  
  14  0:25  SCV  
  15  0:29  Refinery  
  15  0:40  SCV  
  16  0:47  Barracks  
  16  0:53  SCV  
  17  1:05  SCV  
  18  1:17  SCV  
  19  1:33  Orbital Command  
  19  1:34  Reaper  
  20  1:49  Command Center  
  20  1:59  SCV  
  21  2:03  Factory  
  21  2:11  SCV  
  21  2:13  Barracks Reactor  
  22  2:16  Supply Depot  
  22  2:20  Refinery  
  22  2:31  SCV  
  23  2:43  SCV  
  24  2:54  Starport  
  24  3:04  Hellion x2  
  28  3:06  SCV  
  28  3:09  Orbital Command  
  29  3:18  SCV  
  30  3:27  Hellion x2  
  30  3:32  Supply Depot, Medivac  
  30  3:33  Supply Depot  
  36  3:37  SCV  
  36  3:39  SCV  
  38  3:53  SCV x2  
  40  4:02  Hellion x2  
  43  4:14  SCV  
  43  4:15  SCV  
  45  4:20  Factory  
  45  4:22  Factory  
  45  4:24  Factory  
  45  4:25  Refinery  
  45  4:26  Refinery  
  45  4:27  SCV x2  
  47  5:04  Hellion x2  
Show
View Real Time Build Order
Export as new Build Order

Infamous Protoss - Winner!

Build Orders:  

Get SALT Encoding   

  12  0:37  Probe (Chrono Boost)  
  12  0:39  Pylon  
  13  0:49  Probe (Chrono Boost)  
  14  0:53  Assimilator  
  14  0:57  Pylon  
  14  0:58  Gateway  
  14  0:59  Probe (Chrono Boost)  
  15  1:09  Probe  
  16  1:22  Probe (Chrono Boost)  
  17  1:28  Pylon  
  17  1:34  Probe (Chrono Boost)  
  18  1:47  Probe, Cybernetics Core  
  18  1:50  Zealot  
  21  2:02  Gateway  
  21  2:04  Assimilator  
  21  2:10  Probe  
  22  2:25  Warp Gate (Chrono Boost)  
  22  2:28  Probe  
  23  2:37  Gateway  
  23  2:40  Robotics Facility  
  23  2:44  Shield Battery  
  23  2:57  Pylon  
  23  2:59  Probe  
  24  3:10  Twilight Council  
  24  3:17  Pylon, Probe  
  25  3:31  Sentry  
  25  3:33  Probe  
  29  3:48  Observer  
  29  4:17  Probe, Nexus  
  29  4:18  Pylon  
  29  4:20  Pylon  
  30  4:37  Stalker  
  30  4:38  Pylon  
  32  4:39  Pylon, Sentry  
  32  4:40  Pylon  
  34  4:46  Probe  
  35  4:56  Stalker  
  37  5:16  Stalker x2  
Show
View Real Time Build Order
Export as new Build Order

treecutter Terran 

Build Orders:  

Get SALT Encoding   

  12  0:01  SCV  
  13  0:18  SCV  
  13  0:20  Supply Depot  
  14  0:30  SCV  
  15  0:42  Refinery  
  15  0:43  SCV  
  15  0:49  Barracks  
  16  0:55  SCV  
  17  1:07  SCV  
  18  1:14  Supply Depot  
  18  1:19  SCV  
  19  1:31  SCV  
  20  1:42  Barracks Tech Lab  
  20  2:01  Command Center  
  20  2:05  Factory  
  20  2:11  SCV  
  21  2:17  Reaper  
  21  2:47  SCV  
  20  2:59  SCV  
  21  3:12  SCV  
  22  3:18  Siege Tank  
  25  3:22  Barracks Reactor  
  25  3:46  SCV  
  26  3:52  Barracks  
  26  3:58  SCV  
  26  3:59  Factory  
  27  4:17  SCV  
  29  4:24  SCV  
  29  4:28  Refinery  
  29  4:29  SCV  
  29  4:30  Marine  
  29  4:31  Marine  
  32  4:36  SCV  
  31  4:41  SCV  
  22  4:48  Marine x2, SCV  
  22  4:54  SCV  
  20  5:00  SCV  
  20  5:06  Marine x2, SCV  
  18  5:12  SCV  
Show
View Real Time Build Order
Export as new Build Order

iAbuseHoles Protoss 

Build Orders:  

Get SALT Encoding   

  12  0:11  Assimilator  
  12  0:19  Pylon  
  12  0:22  Probe  
  13  0:35  Probe  
  14  0:47  Probe  
  15  0:55  Gateway  
  15  0:59  Probe  
  16  1:11  Pylon  
  16  1:17  Gateway  
  16  1:26  Probe  
  17  1:38  Probe  
  18  1:42  Zealot  
  20  2:09  Zealot  
  22  2:21  Zealot  
  24  2:36  Zealot  
  26  2:42  Nexus  
  26  2:48  Zealot  
  28  2:59  Cybernetics Core  
  28  3:03  Zealot  
  30  3:16  Pylon  
  30  3:19  Pylon  
  30  3:21  Pylon  
  30  3:34  Zealot  
  32  3:44  Zealot  
  34  4:01  Zealot  
  36  4:03  Probe  
  37  4:11  Zealot  
  37  4:16  Probe  
  40  4:28  Probe, Stalker  
  43  4:38  Stalker  
  43  4:44  Forge  
  45  4:58  Stalker  
Tags
 
Add a new tag
Caveats
  • Supply blocks, unpowered buildings, or Contaminate may cause inaccurate times.
  • Supply counts are checked every 10 seconds.